 Dungeon Crawl Stone Soup version 0.28-a0-268-g3f656e82c2 (webtiles) character file.

Game seed: 13723963141080620764

224 jasper the Magician (level 5, -1/35 HPs)
             Began as a Demonspawn Hedge Wizard on Aug 28, 2021.
             Succumbed to a scorpion's poison
             ... on level 4 of the Dungeon.
             The game lasted 00:08:34 (5094 turns).

jasper the Magician (Demonspawn Hedge Wizard)       Turns: 5094, Time: 00:08:35

Health: -1/35      AC:  3    Str: 10    XL:     5   Next: 67%
Magic:  6/12       EV: 14    Int: 17    God:
Gold:   181        SH:  0    Dex: 12    Spells: 5/14 levels left

rFire   . . .      SeeInvis .   g - +1 hand axe (vamp)
rCold   . . .      Faith    .   (no shield)
rNeg    . . .      Spirit   .   b - +0 robe
rPois   .          Reflect  .   c - +1 hat
rElec   .          Harm     .   (no cloak)
rCorr   .          Rampage  .   (no gloves)
Will    .....                   (no boots)
Stlth   ++........              (no amulet)
HPRegen 0.11/turn               k - ring of flight
MPRegen 0.13/turn               (no ring)

@: brilliant, lethally poisoned (-1 -> -15), attractive, flying
A: repulsion field 1, powered by death 1
a: no special abilities


You were on level 4 of the Dungeon.
You visited 1 branch of the dungeon, and saw 4 of its levels.

You collected 181 gold pieces.

Inventory:

Hand Weapons
 a - a +0 dagger
 f - a +0 short sword
 g - a +1 vampiric hand axe (weapon)
 m - a +2 dagger of venom
Missiles
 p - 21 poisoned darts
Armour
 b - a +0 robe (worn)
 c - a +1 hat (worn)
Jewellery
 k - a ring of flight (left hand)
Wands
 j - a wand of charming (11)
Scrolls
 d - 3 scrolls of enchant armour
 l - 2 scrolls of teleportation
 q - a scroll of vulnerability
Potions
 e - a potion of haste
 n - a potion of flight {unknown}
 o - 2 potions of degeneration {unknown}


   Skills:
 - Level 1.7 Dodging
 - Level 1.7 Stealth
 + Level 5.0 Spellcasting
 - Level 1.0 Conjurations
 * Level 3.4 Summonings
 + Level 1.0 Necromancy
 - Level 0.8 Translocations


You had 5 spell levels left.
You knew the following spells:

 Your Spells              Type           Power      Damage    Failure   Level
a - Magic Dart            Conj           44%        1d5       10%         1
b - Call Imp              Summ           23%        N/A       5%          2
c - Blink                 Tloc           N/A        N/A       16%         2
d - Slow                  Hex            6%         N/A       22%         2
e - Sublimation of Blood  Necr           5%         N/A       14%         2

Your spell library contained the following spells:

 Spells                   Type           Power      Damage    Failure   Level
 Wereblood                Tmut           6%         N/A       22%         2
 Gell's Gravitas          Tloc           5%         N/A       30%         3
 Teleport Other           Tloc           10%        N/A       30%         3
 Conjure Flame            Conj/Fire      8%         6-21      34%         3
 Mephitic Cloud           Conj/Pois/Air  8%         N/A       36%         3
 Dispersal                Tloc           5%         N/A       100%        6
 Summon Hydra             Summ           11%        N/A       100%        7


Dungeon Overview and Level Annotations

Branches:
Dungeon (4/15)             Temple (0/1) D:4

Altars:
The Shining One


Innate Abilities, Weirdness & Mutations

You are surrounded by a mild repulsion field. (EV +2)
You regenerate a little health from kills.


Message History

Your shadow imp hits the scorpion but does no damage.
The scorpion closely misses your shadow imp.
Your crimson imp hits the scorpion.
Your shadow imp barely misses the scorpion.
You take 3 damage, and have 23/35 hp.
Casting: Call Imp (safe; 6% risk of failure)
Confirm with . or Enter, or press ? or * to list all spells.
A beastly little devil appears in a puff of flame.
You feel sick. The scorpion stings your crimson imp.
Your crimson imp hits the scorpion.
Your shadow imp hits the scorpion but does no damage.
You take 2 damage, and have 21/35 hp.
You now have 5/12 mp.
You barely miss the scorpion.
The scorpion is almost dead.
You feel sick. The scorpion barely misses you.
Your crimson imp closely misses the scorpion.
Your shadow imp barely misses the scorpion.
The scorpion stings you.
You take 8 damage, and have 13/35 hp.
MASSIVE DAMAGE!!
You hit the scorpion.
You feel better.
The scorpion is almost dead.
You feel sick. The scorpion stings you!
* * * LOW HITPOINT WARNING * * *
You are lethally poisoned!
The scorpion poisons you!
Your crimson imp hits the scorpion.
The scorpion dies!
Your Spellcasting skill increases to level 5!
Your Necromancy skill increases to level 1!
You take 7 damage, and have 6/35 hp.
Okay, then.
There is a lethal amount of poison in your body!
It was a potion of brilliance.
You feel clever all of a sudden.
* * * LOW HITPOINT WARNING * * *
You feel very sick.
Your shadow imp disappears in a puff of smoke!
You take 4 damage, and have 2/35 hp.
It was a potion of attraction.
You feel attractive to monsters.
You die...

####+#.......##....##...#
#.......#..........#
#.......#..........#
+.......#..........# #..
#.......#..........+ #..
#.......#..........#
#...#.......#..........#
#...#.5.....##+#####...#
##+#....@§...#....###...#
.....8.858...#...........
#...†⌠.§....#...........
#...8.>.8...#...........
#+#..⌠.⌠....#...........
#....8.8.8...#...........
#............#....#######
#............#....##....#
#............#...........


You could see 2 friendly crimson imps.

Vanquished Creatures
  2 adders (D:2)
  An adder skeleton (D:4)
  A worm (D:2)
  3 dart slugs
  An orc (D:3)
  8 bats
  4 endoplasms
  4 giant cockroaches (D:1)
  8 goblins
  7 hobgoblins
  2 quokkas (D:1)
  6 ball pythons
  2 frilled lizards (D:1)
  5 kobolds (D:1)
  2 rats
56 creatures vanquished.

Vanquished Creatures (collateral kills)
  An ogre (D:4)
  A scorpion (D:4)
  A jelly (D:4)
  Terence (D:2)
  2 adders
  2 worms (D:2)
  A dart slug (D:2)
  3 orcs (D:4)
  2 endoplasms (D:4)
  2 goblins (D:2)
  A hobgoblin (D:4)
  4 jackals (D:4)
  A quokka (D:4)
  2 frilled lizards (D:2)
  A kobold (D:2)
  A rat (D:2)
26 creatures vanquished.

Grand Total: 82 creatures vanquished

Notes
Turn   | Place    | Note
-------+----------+-------------------------------------------
     0 | D:1      | jasper the Demonspawn Hedge Wizard began the quest for the
                  | Orb.
     0 | D:1      | Reached XP level 1. HP: 13/13 MP: 4/4
   386 | D:1      | Gained mutation: You are surrounded by a mild repulsion
                  | field. (EV +2) [demonic ancestry]
   386 | D:1      | Reached XP level 2. HP: 15/19 MP: 0/6
   519 | D:1      | Learned a level 2 spell: Call Imp
   522 | D:1      | Learned a level 2 spell: Blink
   525 | D:1      | Learned a level 2 spell: Slow
  1223 | D:1      | Reached skill level 4 in Spellcasting
  1459 | D:1      | Reached XP level 3. HP: 24/24 MP: 6/8
  2331 | D:2      | Noticed Terence
  2503 | D:2      | Killed Terence
  2740 | D:2      | Reached XP level 4. HP: 29/30 MP: 1/10
  4297 | D:4      | Noticed an ogre
  4313 | D:4      | Killed an ogre
  4314 | D:4      | Gained mutation: You regenerate a little health from kills.
                  | [demonic ancestry]
  4314 | D:4      | Reached XP level 5. HP: 35/35 MP: 1/12
  4491 | D:4      | Learned a level 2 spell: Sublimation of Blood
  5065 | D:4      | Found a staircase to the Ecumenical Temple.
  5093 | D:4      | Reached skill level 5 in Spellcasting
  5093 | D:4      | Reached skill level 1 in Necromancy
  5094 | D:4      | Succumbed to a scorpion's poison

Illustrated notes

Levels and vault maps discovered:
D:1:      dpeg_cavernosity, layout_basic
D:2:      layout_basic, basic_altar, minmay_box_of_dots, uniq_terence
D:3:      layout_rooms
D:4:      layout_gridville, minmay_temple_entry_statues_fountains

Skill      XL: |  1  2  3  4  5 |
---------------+----------------+-----
Spellcasting   | 4 5 |  5.0
Summonings     | 2 3 |  3.4
Necromancy     | 1 |  1.0
Dodging        | |  1.7
Stealth        | |  1.7
Conjurations   | |  1.0
Translocations | |  0.8

Action                   |  1- 3 |  4- 6 || total
-------------------------+-------+-------++-------
Melee: Dagger            |     4 |       ||     4
       Hand axe          |    10 |    47 ||    57
       Short sword       |     1 |       ||     1
 Cast: Magic Dart        |   100 |    16 ||   116
       Call Imp          |    13 |    46 ||    59
  Use: Scroll            |     3 |     4 ||     7
       Potion            |       |     2 ||     2
Armor: Robe              |     5 |     7 ||    12
Dodge: Dodged            |    17 |    43 ||    60

Table legend: (Time is in decaauts)
 A = Elapsed time spent in this place.
 B = Non-inter-level travel time spent in this place.
 C = Inter-level travel time spent in this place.
 D = Time resting spent in this place.
 E = Time spent auto-exploring this place.
 F = Levels seen in this place.
 G = Mean time per level.
                   A        B        C        D        E       F      G
               +--------+--------+--------+--------+--------+-----+--------+
         Total |   5110 |   5010 |    100 |    418 |   3764 |   4 | 1277.5 |
       Dungeon |   5110 |   5010 |    100 |    418 |   3764 |   4 | 1277.5 |
               +--------+--------+--------+--------+--------+-----+--------+

Top non-repeatable levels by time:
     D:2: 2095 daAuts
     D:1: 1854 daAuts
     D:4: 829 daAuts
     D:3: 330 daAuts
